 Dungeon Crawl Stone Soup version 0.26.0-15-gc6cd9f700b (webtiles) character file.

Game seed: 9012435168855971596

399 4Zeroes the Chopper (level 6, -5/55 HPs)
             Began as a Hill Orc Fighter on Jan 16, 2021.
             Was a Follower of Makhleb.
             Slain by an ogre
             ... wielding a +0 giant spiked club
              (17 damage)
             ... on level 4 of the Dungeon.
             The game lasted 00:23:51 (2860 turns).

4Zeroes the Chopper (Hill Orc Fighter)              Turns: 2860, Time: 00:23:52

Health: -5/55      AC:  9    Str: 20    XL:     6   Next: 84%
Magic:  7/7        EV:  5    Int:  8    God:    Makhleb [*.....]
Gold:   115        SH:  9    Dex: 11    Spells: 5/5 levels left

rFire    . . .     SeeInvis .   a - +0 war axe
rCold    . . .     Faith    .   c - +0 kite shield
rNeg     . . .     Spirit   .   l - +0 chain mail
rPois    .         Reflect  .   (no helmet)
rElec    .         Harm     .   (no cloak)
rCorr    .         Rampage  .   (no gloves)
Will     .....                  (no boots)
Stlth    ..........             (no amulet)
HPRegen  0.18/turn              (no ring)
MPRegen  0.10/turn              (no ring)

@: no status effects
A: no striking features
a: Renounce Religion


You were on level 4 of the Dungeon.
You worshipped Makhleb.
Makhleb was aware of your devotion.
You visited 1 branch of the dungeon, and saw 4 of its levels.

You collected 115 gold pieces.

Inventory:

Hand Weapons
 a - a +0 war axe (weapon)
 e - a +0 club
 h - a +0 whip
 j - a +0 club
 k - a +0 club
 m - a +0 dagger
 q - a +4 halberd
 r - a +0 whip
 B - a +0 club
 E - a +0 hunting sling
 F - a +0 hunting sling
 I - a +0 flail
 M - a +0 club
 N - a +0 falchion
Missiles
 o - 223 stones
 p - 56 arrows
 s - 14 bolts
 C - 22 sling bullets
 H - 27 poisoned darts (quivered)
Armour
 b - a +0 scale mail
 c - a +0 kite shield (worn)
 d - a +0 ring mail
 f - a +0 robe
 l - a +0 chain mail (worn)
 t - a +0 kite shield
 J - a +0 ring mail
 K - a +0 ring mail
 O - a +0 scale mail
Wands
 G - a wand of polymorph (12)
Scrolls
 v - a scroll of fear {unknown}
 x - a scroll of fog {unknown}
 y - 3 scrolls of teleportation {unknown}
 z - a scroll of remove curse {unknown}
 D - a scroll of magic mapping
Potions
 g - a potion of resistance
 i - 3 potions of attraction
 n - 2 potions of curing
 u - 2 potions of brilliance {unknown}
 w - a potion of heal wounds {unknown}
 A - a potion of mutation {unknown}
 L - a potion of ambrosia {unknown}


   Skills:
 * Level 4.9 Fighting
 + Level 5.4(5.7) Axes
 * Level 1.1(3.0) Maces & Flails
 * Level 1.3(3.1) Polearms
 + Level 0.2 Slings
 * Level 4.8 Armour
 + Level 0.1 Stealth
 * Level 4.3 Shields
 * Level 1.5 Invocations


You had 5 spell levels left.
You didn't know any spells.
Your spell library was empty.

Dungeon Overview and Level Annotations

Branches:
Dungeon (4/15)
 Temple: D:4-7

Altars:
Ashenzari
Fedhas
Makhleb
Qazlal
Xom


Message History

The hound is severely wounded.
The hound barely misses you. You block the hound's attack.
You slash the hound!
You kill the hound!
Makhleb accepts your kill.
Found a robe.
You see here a robe.
Found a chain mail.
An ogre comes into view. It is wielding a +0 giant spiked club.
You barely miss the ogre.
The ogre hits you with a +0 giant spiked club!
You slash the ogre!
The ogre is heavily wounded.
The ogre hits you with a +0 giant spiked club!
Your chain mail prevents you from hitting the ogre.
The ogre is heavily wounded.
The ogre hits you with a +0 giant spiked club!!
* * * LOW HITPOINT WARNING * * *
The ogre hits you with a +0 giant spiked club!
You die...

##.###..#####.
##.#....##.....
##.###.#........
#.## ##.........
##.###.#.##.####
#..#.##.##.# #.#.#
#.##.# #<#.###.##.#
#.# ##.@.#.## ...
#.#O#..#
#.......#....#
#.....#####........
####... ...######
#.... .##.# #.#....
.# .O .[ ..# ###


You could see an ogre.

Vanquished Creatures
  A hound (D:4)
  2 orc priests (D:3)
  Natasha (thrice) (D:3)
  Terence (D:3)
  3 gnolls (D:2)
  7 adders
  A white imp (D:2)
  2 oozes
  4 worms (D:2)
  2 dart slugs
  4 leopard geckos
  4 orcs (D:3)
  7 bats
  6 giant cockroaches
  12 goblins
  6 hobgoblins
  2 jackals (D:2)
  2 ball pythons
  3 frilled lizards
  6 kobolds
  9 rats
87 creatures vanquished.

Notes
Turn   | Place    | Note
-------+----------+-------------------------------------------
     0 | D:1      | 4Zeroes the Hill Orc Fighter began the quest for the Orb.
     0 | D:1      | Reached XP level 1. HP: 19/19 MP: 1/1
    34 | D:1      | Reached XP level 2. HP: 25/27 MP: 2/2
   304 | D:1      | Reached skill level 3 in Axes
   461 | D:1      | Reached XP level 3. HP: 33/33 MP: 3/3
   883 | D:2      | Reached XP level 4. HP: 26/40 MP: 4/4
   974 | D:2      | Found a blossoming altar of Fedhas.
  1022 | D:2      | Reached skill level 4 in Axes
  1067 | D:2      | Found a blossoming altar of Fedhas.
  1067 | D:2      | Found a stormy altar of Qazlal.
  1068 | D:2      | Found a broken altar of Ashenzari.
  1069 | D:2      | Found a shimmering altar of Xom.
  1069 | D:2      | Found a burning altar of Makhleb.
  1135 | D:2      | Became a worshipper of Makhleb the Destroyer
  1449 | D:2      | Reached XP level 5. HP: 46/46 MP: 5/5
  1567 | D:3      | Noticed Natasha
  1577 | D:3      | Killed Natasha
  1679 | D:3      | Reached * piety under Makhleb
  1683 | D:3      | Reached skill level 5 in Axes
  1778 | D:3      | Noticed Natasha
  1786 | D:3      | Killed Natasha
  1787 | D:3      | Reached skill level 1 in Polearms
  1787 | D:3      | Reached skill level 1 in Invocations
  1787 | D:3      | Reached XP level 6. HP: 45/53 MP: 6/6
  1792 | D:3      | Noticed Natasha
  1804 | D:3      | Killed Natasha
  2214 | D:3      | Reached skill level 1 in Maces & Flails
  2217 | D:3      | Noticed Terence
  2236 | D:3      | Killed Terence
  2860 | D:4      | Slain by an ogre

Illustrated notes

Levels and vault maps discovered:
D:1:      kennysheep_arrival_forest, layout_basic
D:2:      layout_basic, grunt_temple_overflow_open, dk_vineyard_3,
          fedhas_altar_2
D:3:      layout_basic, minmay_goblin_outpost, uniq_natasha, uniq_terence
D:4:      layout_loops_ring, elyvilon_altar_1, uniq_edmund

Skill      XL: |  1  2  3  4  5  6 |
---------------+-------------------+-----
Axes           | 3 4 5 |  5.4
Fighting       | 4 |  4.9
Armour         | 4 |  4.8
Shields        | 4 |  4.3
Polearms       | 1 |  1.3
Invocations    | 1 |  1.5
Maces & Flails | 1 |  1.1
Slings         | |  0.2
Stealth        | |  0.1

Action                   |  1- 3 |  4- 6 || total
-------------------------+-------+-------++-------
Melee: War axe           |    69 |   167 ||   236
 Fire: Hunting sling     |       |    11 ||    11
Throw: Stone             |       |    24 ||    24
  Use: Scroll            |     3 |     1 ||     4
       Potion            |       |     1 ||     1
Armor: Scale mail        |    32 |    12 ||    44
       Chain mail        |       |    69 ||    69
Dodge: Dodged            |    30 |    42 ||    72
Block: Kite shield       |    48 |    99 ||   147
